 Dungeon Crawl Stone Soup version 0.24.0-123-gd5b16e6ec5 (webtiles) character file.

Game seed: 2563451297181188811, levelgen mode: deterministic

27657 DildoBatman the Geomancer (level 13, -1/144 HPs)
             Began as a Formicid Wizard on Dec 29, 2019.
             Was a High Priest of Kikubaaqudgha.
             Slain by a sun demon (6 damage)
             ... summoned by an orc high priest
             ... on level 2 of the Orcish Mines.
             The game lasted 01:14:59 (15467 turns).

DildoBatman the Geomancer (Formicid Wizard)        Turns: 15467, Time: 01:15:00

Health: -1/144     AC: 26    Str: 18    XL:     13   Next: 67%
Magic:  5/22       EV:  2    Int: 22    God:    Kikubaaqudgha [*****.]
Gold:   1654       SH: 11    Dex: 13    Spells: 2/24 levels left

rFire    . . .     SeeInvis .   b - +2 glaive (protect)
rCold    . . .     Gourm    .   U - +0 shield
rNeg     + + +     Faith    .   (armour currently unavailable)
rPois    +         Spirit   .   (helmet unavailable)
rElec    .         Reflect  .   (cloak currently unavailable)
rCorr    .         Harm     .   (gloves currently unavailable)
MR       +....                  (boots currently unavailable)
Stlth    ++........             r - amulet of regeneration
HPRegen  1.74/turn              E - ring of wizardry
MPRegen  0.18/turn              D - +4 ring of dexterity

@: mighty, tree-form, regenerating, drained
A: permanent stasis, dig shafts and tunnels, four strong arms
a: Receive Corpses, Torment, Renounce Religion


You were on level 2 of the Orcish Mines.
You worshipped Kikubaaqudgha.
Kikubaaqudgha was extremely pleased with you.
You were very hungry.
You were a tree.
You visited 3 branches of the dungeon, and saw 15 of its levels.
You also visited: Sewer, Ossuary and Bailey.

You collected 1704 gold pieces.
You spent 50 gold pieces at shops.

Inventory:

Hand Weapons
 a - the +10 quarterstaff "Geduh" {drain, +Fly rPois Str+2 Int-4}
   (You took it off an orc priest on level 7 of the Dungeon)

   A truly terrible weapon, it drains the life of those it strikes.
   It affects your strength (+2).
   It affects your intelligence (-4).
   It protects you from poison.
   It lets you fly.
 b - a +2 glaive of protection (weapon)
 c - a +0 hunting sling of velocity
Missiles
 f - 437 stones
 j - 5 datura-tipped darts
 n - 127 bolts
 q - 34 poisoned darts (quivered)
 y - 169 arrows
 F - 6 atropa-tipped darts
 G - 56 sling bullets
 O - 20 boomerangs
Armour
 x - a +0 pair of gloves (melded)
 M - a +2 robe of resistance (melded)
 U - a +0 shield (worn)
Magical Staves
 V - an uncursed staff of death {unknown}
 W - an uncursed staff of poison
Jewellery
 r - an amulet of regeneration (around neck)
 s - an uncursed ring of protection from cold
 D - a +4 ring of dexterity (right branch)
 E - a ring of wizardry (left branch)
Wands
 e - a wand of flame (14)
 o - a wand of scattershot (7)
 X - a wand of polymorph (13)
Scrolls
 k - 4 scrolls of enchant weapon {unknown}
 l - 2 scrolls of noise {unknown}
 m - 3 scrolls of fog
 p - a scroll of blinking {unknown}
 u - 6 scrolls of fear {unknown}
 w - 2 scrolls of enchant armour {unknown}
 z - 14 scrolls of identify
 H - 3 scrolls of remove curse
 I - a scroll of brand weapon {unknown}
 J - 2 scrolls of acquirement {unknown}
 Q - 2 scrolls of amnesia {unknown}
 S - 2 scrolls of magic mapping
 T - a scroll of immolation {unknown}
Potions
 d - 2 potions of mutation {unknown}
 i - a potion of curing
 t - 2 potions of brilliance {unknown}
 A - 5 potions of agility {unknown}
 B - 3 potions of resistance {unknown}
 C - a potion of cancellation {unknown}
 K - a potion of lignification
 L - 2 potions of ambrosia {unknown}
 P - a potion of flight
 R - 3 potions of might
Miscellaneous
 N - a box of beasts
Comestibles
 g - a chunk of flesh
 v - 19 rations


   Skills:
 * Level 7.0(6.3) Fighting
 * Level 6.9(6.2) Armour
 * Level 6.2(5.4) Dodging
 - Level 2.4(1.7) Stealth
 - Level 9.1(8.3) Shields
 * Level 6.0(5.2) Spellcasting
 - Level 6.0(5.2) Conjurations
 - Level 4.1(3.4) Charms
   Level 1.0(0.3) Summonings
 - Level 10.0(9.2) Necromancy
   Level 0.8(0.2) Translocations
 - Level 5.0(4.3) Fire Magic
 - Level 5.0(4.3) Air Magic
 - Level 10.0(9.2) Earth Magic


You had 2 spell levels left.
You knew the following spells:

 Your Spells              Type           Power        Failure   Level  Hunger
a - Conjure Flame         Conj/Fire      ####....     1%          3    ##.....
b - Borgnjor's Vile Clut  Necr/Erth      #####.....   2%          5    #####..
c - Magic Dart            Conj           ####         1%          1    None
d - Regeneration          Chrm/Necr      ####......   1%          3    ##.....
e - Mephitic Cloud        Conj/Pois/Air  ###.....     3%          3    ##.....
h - Dispel Undead         Necr           #####...     2%          5    #####..
z - Sublimation of Blood  Necr           #####.....   1%          2    None

Your spell library contained the following spells:

 Spells                   Type           Power        Failure   Level  Hunger
 Animate Skeleton         Necr           N/A          1%          1    None
 Pain                     Necr           ####         1%          1    None
 Searing Ray              Conj           ####..       1%          2    None
 Throw Flame              Conj/Fire      ####..       1%          2    None
 Beastly Appendage        Tmut           #.....       4%          1    None
 Call Imp                 Summ           #.......     6%          2    None
 Slow                     Hex            #.......     7%          2    None
 Sticks to Snakes         Tmut           #.......     7%          2    None
 Agony                    Necr           #####...     2%          5    #####..
 Dazzling Spray           Conj/Hex       ###...       4%          3    ##.....
 Iskenderun's Mystic Bla  Conj           ####....     5%          4    ####...
 Ozocubu's Armour         Chrm/Ice       ##......     7%          3    ##.....
 Spider Form              Tmut/Pois      #.........   14%         3    ##.....
 Force Lance              Conj/Tloc      ###.....     14%         4    ####...
 Fulminant Prism          Conj/Hex       ###.......   16%         4    ####...
 Death Channel            Necr           #####.....   16%         6    #######
 Ice Form                 Ice/Tmut       #.......     41%         4    ####...
 Simulacrum               Ice/Necr       ####......   67%         6    #######
 Blade Hands              Tmut           #.........   75%         5    #####..
 Ignition                 Fire           ###.......   100%        8    #######
 Blink                    Tloc           Unusable     N/A         2    N/A

Dungeon Overview and Level Annotations

Branches:
Dungeon (12/15)            Temple (1/1) D:6            Lair (0/6) D:10
    Orc (2/2) D:9             Elf (0/3) Orc:2         Sewer (visited)
Ossuary (visited)          Bailey (visited)

Altars:
Ashenzari
Cheibriados
Dithmenos
Elyvilon
Fedhas
Gozag
Hepliaklqana
Kikubaaqudgha
Makhleb
Nemelex Xobeh
Okawaru
Qazlal
Ru
Sif Muna
Trog
Uskayaw
Vehumet
Wu Jian
Xom
Yredelemnul
Zin
The Shining One
Beogh

Shops:
D:4 =   D:5 ?   D:6 =   Orc:2 [:

Annotations:
D:7 2 transporters, FishyPogo's ghost, novice DrIE


Innate Abilities, Weirdness & Mutations

You cannot be hasted, slowed, berserked, paralysed or teleported.
You can dig through walls and to a lower floor.
Your four strong arms can wield two-handed weapons with a shield.
((You have a pair of large antennae on your head. (SInv)))


Message History

Beogh smites you!
The orc priest invokes the aid of Beogh against you.
Beogh smites you!
The hellwing hits you but does no damage.
You block the hellwing's attack.
You feel better. You block the sun demon's attack. The orc priest hits you.
You block the orc priest's attack.
The hellwing hits you but does no damage. x2
You feel better. The sun demon barely misses you.
The orc high priest calls down the wrath of Beogh upon you.
Beogh smites you!
The orc priest hits you but does no damage. x2
The hellwing hits you.
The hellwing hits you but does no damage.
The sun demon hits you.
You die...
Kikubaaqudgha rasps: "You have failed me!
Welcome... death!"

#.#...... .#.... ## ....
........# .....###.## ....
#.#...... .....#... #. #..
#...... #.......# ###.. ....
....# ##.......##..... .^..
#)# #........#...... ....
)###########..###...#.....
....
#[)............4o3........
....
#...............♣oo.......
....
#..#######.###.###o#######
#### #).#∩....#.# #.#
#)#.._..# {{
#).#.....#)###.###{#.....# #
{{{ #..#.....#.o[....))# ....
.# {
#.)#.....#(###.###)###'###..#
{ #..###'###.# #.#
#)[........##' ..[.)C)..(.#
#.# #)38...8o.....
...###)##..# #.#
#....{..o..##'


You could see an orc high priest, a sun demon, a hellwing, 2 orc priests and an
orc.

Vanquished Creatures
  A stone giant (D:10)
  A fire dragon (D:10)
  7 two-headed ogres
  6 orc high priests (Orc:2)
  4 orc knights
  3 orc sorcerers
  An oklob plant (D:10)
  A cyclops (Orc:2)
  Joseph (D:8)
  Psyche (D:8)
  2 gargoyles
  2 kobold demonologists
  A troll (Orc:2)
  Grinder (D:5)
  3 hippogriffs
  2 vampires
  2 wyverns (D:8)
  Grum (D:8)
  A hungry ghost (D:10)
  6 wargs (Orc:2)
  Edmund (D:3)
  2 water moccasins (D:9)
  30 orc warriors
  5 ice beasts
  3 sky beasts
  2 black bears
  2 eyes of draining
  10 ogres
  A phantom (D:4)
  5 centaurs
  4 wolves
  4 big kobolds
  Blork the orc (D:6)
  A gnoll sergeant (D:9)
  6 bullfrogs
  2 water moccasin zombies
  13 scorpions
  A howler monkey (D:4)
  2 crimson imps
  3 centaur zombies
  4 jellies
  A centaur skeleton (D:9)
  2 human zombies (Ossuary)
  12 hounds
  32 orc priests
  2 bullfrog skeletons
  20 orc wizards
  4 worker ants
  4 iguanas
  A big kobold zombie (Ossuary)
  A hound zombie (D:7)
  2 hound skeletons
  3 mummies (Ossuary)
  7 gnolls
  A howler monkey skeleton (D:11)
  9 adders
  3 river rats (Sewer)
  5 scorpion zombies (Ossuary)
  3 shadow imps
  An adder skeleton (D:5)
  4 worms
  4 dart slugs
  11 leopard geckos
  78 orcs
  7 giant cockroaches
  4 gnoll zombies (Ossuary)
  18 goblins
  9 hobgoblins
  7 jackals (D:2)
  29 kobolds
  6 quokkas
  5 ball pythons
  6 bats
  10 frilled lizards
  A goblin zombie (Ossuary)
  2 kobold zombies (Ossuary)
  4 orc zombies (Ossuary)
  A quokka skeleton (D:6)
  27 rats
  6 plants (D:10)
501 creatures vanquished.

Vanquished Creatures (collateral kills)
  A river rat (Sewer)
  A rat (Sewer)
2 creatures vanquished.

Vanquished Creatures (others)
  An orc wizard (Orc:1)
  A plant (D:10)
2 creatures vanquished.

Grand Total: 505 creatures vanquished

Notes
Turn   | Place    | Note
-------+----------+-------------------------------------------
     0 | D:1      | DildoBatman the Formicid Wizard began the quest for the
                  | Orb.
     0 | D:1      | Reached XP level 1. HP: 13/13 MP: 4/4
    12 | D:1      | Reached skill level 1 in Conjurations
   125 | D:1      | Reached XP level 2. HP: 19/19 MP: 6/6
   709 | D:1      | Reached XP level 3. HP: 24/24 MP: 1/7
   714 | D:1      | Learned a level 3 spell: Conjure Flame
   718 | D:1      | Learned a level 3 spell: Mephitic Cloud
  1031 | D:2      | Found an opulent altar of Gozag.
  1033 | D:2      | Found a burning altar of Makhleb.
  1035 | D:2      | Found a sacrificial altar of Ru.
  1036 | D:2      | Found a basalt altar of Yredelemnul.
  1460 | D:2      | Reached XP level 4. HP: 26/30 MP: 3/8
  2002 | D:2      | Found a burning altar of Makhleb.
  2148 | D:3      | Reached XP level 5. HP: 34/35 MP: 3/9
  3114 | D:3      | Reached XP level 6. HP: 41/41 MP: 5/10
  3167 | D:3      | Reached skill level 5 in Conjurations
  3353 | D:4      | Found Wedghiofa's Jewellery Shop.
  3376 | D:4      | Noticed Edmund
  3376 | D:4      | Noticed an ogre
  3399 | D:4      | Killed an ogre
  3759 | D:4      | You fall into a shaft and drop 1 floor!
  3759 | D:5      | Entered Level 5 of the Dungeon
  3786 | D:5      | Reached XP level 7. HP: 28/46 MP: 7/11
  3892 | D:4      | Reached skill level 1 in Fire Magic
  3892 | D:4      | Reached skill level 1 in Air Magic
  3904 | D:5      | Found a glowing drain.
  3917 | D:5      | HP: 2/46 [leopard gecko (3)]
  3982 | D:5      | Found Husaxose's Magic Scroll Shoppe.
  3985 | D:5      | Bought a scroll of random uselessness for 10 gold pieces
  3985 | D:5      | Bought a scroll of identify for 20 gold pieces
  3985 | D:5      | Bought a scroll of identify for 20 gold pieces
  4038 | Sewer    | Entered a sewer
  5135 | D:5      | Found a radiant altar of Vehumet.
  5294 | D:4      | Reached XP level 8. HP: 52/52 MP: 3/12
  5404 | D:4      | Found a shattered altar of Ashenzari.
  5482 | D:6      | Found a hide-covered altar of Uskayaw.
  5508 | D:6      | Noticed Grinder
  5596 | D:6      | Found a staircase to the Ecumenical Temple.
  5607 | Temple   | Entered the Ecumenical Temple
  5857 | D:6      | Noticed Blork the orc
  6157 | D:6      | Found Caenkowi's Jewellery Shoppe.
  6842 | D:6      | Reached skill level 5 in Fire Magic
  7155 | D:7      | Reached XP level 9. HP: 42/58 MP: 8/14
  7196 | D:7      | Reached skill level 1 in Fighting
  7196 | D:7      | Reached skill level 1 in Armour
  7231 | D:7      | Found a blossoming altar of Fedhas.
  7254 | D:7      | Found a sacrificial altar of Ru.
  7286 | D:7      | Found a sand-covered staircase.
  7303 | Ossuary  | Entered an ossuary
  7638 | Ossuary  | Reached skill level 5 in Air Magic
  8226 | D:8      | Found an ancient bone altar of Kikubaaqudgha.
  8232 | D:8      | Became a worshipper of Kikubaaqudgha
  8357 | D:7      | Identified the +10 quarterstaff "Geduh" {drain, +Fly rPois
                  | Str+2 Int-4}
  8477 | D:6      | Killed Blork the orc
  9015 | D:3      | Killed Edmund
  9015 | D:3      | Reached skill level 1 in Necromancy
  9156 | D:3      | Reached XP level 10. HP: 56/71 MP: 13/17
  9350 | D:5      | Killed Grinder
  9497 | D:5      | Reached * piety under Kikubaaqudgha
  9497 | D:5      | Identified Kikubaaqudgha's Papyrus of Dark Rituals
                  | (Kikubaaqudgha gifted it to you on level 5 of the Dungeon)
  9497 | D:5      | Received a gift from Kikubaaqudgha
  9502 | D:5      | Learned a level 2 spell: Sublimation of Blood
  9506 | D:5      | Learned a level 3 spell: Regeneration
  9706 | D:7      | Noticed a moth of wrath
  9731 | D:7      | Found a transporter.
  9735 | D:7      | Noticed FishyPogo's ghost (novice DrIE)
  9749 | D:7      | Found a transporter.
  9836 | D:7      | Reached skill level 1 in Charms
  9963 | D:7      | Got a polished ring mail
 10387 | D:7      | Identified the +3 ring mail of Complete Protection {rF+++
                  | rC- Str+2 Dex-2} (You found it on level 7 of the Dungeon)
 10502 | D:8      | Noticed Grum
 10513 | D:7      | Reached skill level 5 in Necromancy
 10547 | D:8      | Killed Grum
 10580 | D:8      | Noticed Psyche
 10594 | D:8      | Noticed Joseph
 10601 | D:8      | Killed Psyche
 10610 | D:8      | Killed Joseph
 11112 | D:8      | Found an ornate altar of the Wu Jian Council.
 11189 | D:9      | Reached XP level 11. HP: 76/76 MP: 10/18
 11286 | D:9      | Reached ** piety under Kikubaaqudgha
 11338 | D:9      | Found a flagged portal.
 11388 | D:9      | Found an iron altar of Okawaru.
 11453 | Bailey   | Entered a bailey
 11453 | Bailey   | Noticed an orc knight
 11489 | Bailey   | Noticed an orc knight
 11489 | Bailey   | Noticed an orc knight
 11493 | Bailey   | Killed an orc knight
 11493 | Bailey   | Reached skill level 5 in Fighting
 11494 | Bailey   | Reached skill level 5 in Armour
 11494 | Bailey   | Killed an orc knight
 11496 | Bailey   | Killed an orc knight
 11518 | Bailey   | Reached skill level 5 in Dodging
 11719 | D:9      | Found a staircase to the Orcish Mines.
 11785 | D:10     | Entered Level 10 of the Dungeon
 11790 | D:10     | Found a staircase to the Lair.
 11790 | D:10     | Noticed an oklob plant
 11835 | D:10     | Noticed a two-headed ogre
 11854 | D:10     | Killed a two-headed ogre
 11886 | D:10     | Found a sacrificial altar of Ru.
 11894 | D:10     | Reached skill level 5 in Spellcasting
 12124 | D:10     | Noticed a two-headed ogre
 12145 | D:10     | Noticed a two-headed ogre
 12175 | D:10     | Noticed a two-headed ogre
 12216 | D:10     | Killed a two-headed ogre
 12490 | D:10     | Killed a two-headed ogre
 12490 | D:10     | Reached XP level 12. HP: 40/89 MP: 7/20
 12659 | D:10     | Noticed a two-headed ogre
 12697 | D:10     | Noticed a fire dragon
 12764 | D:9      | Reached *** piety under Kikubaaqudgha
 12764 | D:9      | Identified Kikubaaqudgha's Disquisition on Darkness
                  | (Kikubaaqudgha gifted it to you on level 9 of the Dungeon)
 12764 | D:9      | Received a gift from Kikubaaqudgha
 12776 | D:9      | Learned a level 5 spell: Dispel Undead
 12782 | D:9      | Learned a level 5 spell: Borgnjor's Vile Clutch
 12870 | D:10     | Reached skill level 1 in Earth Magic
 12940 | D:10     | Noticed a stone giant
 12964 | D:10     | Killed a stone giant
 12964 | D:10     | Reached skill level 5 in Earth Magic
 13165 | D:10     | Killed a two-headed ogre
 13177 | D:10     | Killed a two-headed ogre
 13282 | D:10     | Killed a fire dragon
 13502 | D:11     | Identified the Grimoire of the Frostbite and Flames
 13812 | D:11     | Reached **** piety under Kikubaaqudgha
 14061 | Orc:1    | Entered Level 1 of the Orcish Mines
 14102 | Orc:1    | Noticed a two-headed ogre
 14109 | Orc:1    | Killed a two-headed ogre
 14186 | Orc:1    | Reached XP level 13. HP: 86/95 MP: 5/21
 14236 | Orc:1    | Found a roughly hewn altar of Beogh.
 14252 | Orc:1    | You fall into a shaft and drop 1 floor!
 14252 | Orc:2    | Entered Level 2 of the Orcish Mines
 14387 | Orc:1    | Reached skill level 10 in Earth Magic
 14567 | Orc:1    | Reached skill level 10 in Necromancy
 14793 | Orc:2    | Found a staircase to the Elven Halls.
 14906 | Orc:2    | Reached skill level 5 in Shields
 14908 | Orc:2    | Reached ***** piety under Kikubaaqudgha
 15041 | Orc:2    | Found a burning altar of Makhleb.
 15281 | Orc:2    | Found Cimaph's Book Boutique.
 15281 | Orc:2    | Found Ciozetorph's Antique Armour Shoppe.
 15427 | Orc:2    | Found a roughly hewn altar of Beogh.
 15465 | Orc:2    | HP: 3/144 [orc priest/divine providence (12)]
 15467 | Orc:2    | Slain by a sun demon

Levels and vault maps discovered:
D:1:      lemuel_arrival_lava_pool, layout_basic
D:2:      layout_loops_ring, grunt_temple_overflow_open,
          makhleb_blood_cavern_becter
D:3:      kennysheep_the_goblin_king, layout_basic, first_ration, serial_forest,
          infiniplex_forest_clump_cross, infiniplex_forest_clump_curved,
          infiniplex_forest_clump_tiny, infiniplex_forest_lined_corner,
          infiniplex_forest_clump_tiny, infiniplex_forest_straight_5,
          minmay_quadrilaterals
D:4:      layout_loops_ring, nicolae_ashenzari_panopticon, serial_shops, shop,
          uniq_edmund
D:5:      layout_rooms, vehumet_crystals, serial_shops, kennysheep_mini_moat,
          portal_sewer_entry_f, minmay_large_rounded_square
D:6:      layout_gridville, lemuel_crystal_altar, minmay_temple_entry_slanted,
          serial_shops, shop, uniq_grinder, uniq_blork_the_orc
D:7:      layout_loops_cross, old_standard_altar,
          gammafunk_ghost_berserking_beasts, basic_altar, enter_ossuary_1
D:8:      layout_loops_ring, nicolae_overflow_crystal_walls,
          kennysheep_little_box, uniq_joseph, uniq_grum, uniq_psyche
D:9:      layout_rooms, okawaru_metal_pillars_1_2, orc_0_dummy, enter_bailey_2
D:10:     minmay_klotski, layout_small_grid, dpeg_oklobed_lair, grunt_pizzeria,
          nicolae_ru_awakened_eye
D:11:     layout_basic
D:12:     minmay_quarter_circles, layout_cave_pods, serial_ice, serial_ice_g,
          serial_ice_e, serial_ice_j, serial_ice_n, nicolae_transmutations_shop,
          fedhas_altar_3, uniq_urug, uniq_snorg, uniq_kirke
Temple:   minmay_temple_curvy_loop
Orc:1:    layout_caves, basic_altar
Orc:2:    st_orc_town, layout_caves, basic_altar

Skill      XL: |  1  2  3  4  5  6  7  8  9 10 11 12 13 |
---------------+----------------------------------------+-----
Conjurations   | 1 2 3 4 6 |  6.0
Fire Magic     | 3 5 |  5.0
Air Magic      | 2 4 5 |  5.0
Dodging        | 2 3 5 6 |  6.2
Fighting       | 3 6 7 |  7.0
Armour         | 3 6 |  6.9
Spellcasting   | 4 5 6 |  6.0
Necromancy     | 2 7 9 10 | 10.0
Charms         | 4 |  4.1
Earth Magic    | 9 10 | 10.0
Shields        | 9 |  9.1
Stealth        | |  2.4
Summonings     | |  1.0
Translocations | |  0.8

Action                   |  1- 3 |  4- 6 |  7- 9 | 10-12 | 13-15 || total
-------------------------+-------+-------+-------+-------+-------++-------
Melee: Dagger            |    60 |    65 |   213 |       |       ||   338
       Scimitar          |       |       |    15 |    28 |       ||    43
       Spear             |       |       |    12 |       |       ||    12
       Quarterstaff      |       |       |       |   285 |    21 ||   306
       Glaive            |       |       |       |    44 |   158 ||   202
 Fire: Hunting sling     |       |       |   174 |     8 |       ||   182
Throw: Dart              |       |       |    41 |       |     2 ||    43
       Stone             |       |       |     2 |       |       ||     2
 Cast: Magic Dart        |    45 |   102 |   153 |    56 |       ||   356
       Mephitic Cloud    |       |     3 |    29 |    69 |     7 ||   108
       Conjure Flame     |       |     2 |    39 |    33 |    10 ||    84
       Regeneration      |       |       |       |    30 |    23 ||    53
       Sublimation of Bl |       |       |       |    17 |    19 ||    36
       Borgnjor's Vile C |       |       |       |    17 |    29 ||    46
       Dispel Undead     |       |       |       |     4 |       ||     4
 Abil: Dig               |       |     1 |    18 |    19 |     6 ||    44
  Use: Scroll            |       |     3 |     6 |     1 |       ||    10
       Potion            |       |       |     4 |    10 |     6 ||    20
 Stab: Sleeping          |     4 |     5 |     3 |     3 |     1 ||    16
       Confused          |       |     4 |    11 |    21 |       ||    36
       Petrified         |       |       |       |       |     2 ||     2
  Eat: Chunk             |     2 |     7 |    30 |    24 |    16 ||    79
       Ration            |       |       |     2 |     1 |       ||     3
Armor: Robe              |     8 |    12 |    20 |    51 |    16 ||   107
       Skin              |       |       |     5 |     8 |    25 ||    38
       Ring mail         |       |       |       |    20 |       ||    20
Dodge: Dodged            |    39 |    34 |   121 |   275 |   116 ||   585
Block: Other             |       |     1 |    18 |       |       ||    19
       Reflection        |       |       |     2 |       |       ||     2
       Shield            |       |       |       |       |    44 ||    44
       Rpst.: Scimitar   |       |       |     1 |     8 |       ||     9
